 Dungeon Crawl Stone Soup version 0.26-a0-597-gb535b0901c (webtiles) character file.

Game seed: 7985813361996841041

70 Eifo4Ohj9gu9Dob0ohLe the Cutter (level 4, -1/60 HPs)
             Began as a Draconian Berserker on Aug 27, 2020.
             Was a Believer of Trog.
             Succumbed to a goblin's poison
             ... on level 2 of the Dungeon.
             The game lasted 00:04:01 (1323 turns).

Eifo4Ohj9gu9Dob0ohLe the Cutter (DrBe)              Turns: 1323, Time: 00:04:02

Health: -1/60      AC: 22    Str: 21    XL:     4   Next: 3%
Magic:  4/4        EV:  2    Int:  7    God:    Trog [**....]
Gold:   27         SH:  0    Dex: 10    Spells: 3/3 levels left

rFire    . . .     SeeInvis .   a - +0 short sword
rCold    . . .     Faith    .   (no shield)
rNeg     + + +     Spirit   .   (armour unavailable)
rPois    +         Reflect  .   (helmet currently unavailable)
rElec    .         Harm     .   (cloak currently unavailable)
rCorr    .         NoTele   +   (gloves currently unavailable)
MR       .....                  (boots currently unavailable)
Stlth    +.........             (no amulet)
HPRegen  0.20/turn              (no ring)
MPRegen  0.09/turn              (no ring)

@: lethally poisoned (-1 -> -17), tree-form, berserk cooldown, slowed, very slow
A: unfitting armour, AC +5
a: Berserk, Trog's Hand, Renounce Religion


You were on level 2 of the Dungeon.
You worshipped Trog.
Trog was pleased with you.
You were a tree.
You visited 1 branch of the dungeon, and saw 2 of its levels.

You collected 27 gold pieces.

Inventory:

Hand Weapons
 a - a +0 short sword (weapon)
Wands
 j - a wand of iceblast (11)
Scrolls
 b - a scroll of identify {unknown}
 c - a scroll of immolation {unknown}
 f - a scroll of enchant weapon {unknown}
Potions
 d - a potion of heal wounds {unknown}
 e - a potion of flight {unknown}
 g - a potion of cancellation {unknown}
 h - a potion of lignification
 i - a potion of mutation {unknown}


   Skills:
 + Level 3.7 Fighting
 + Level 3.8 Short Blades
 + Level 3.4 Dodging
 + Level 0.9 Stealth


You had 3 spell levels left.
You didn't know any spells.
Your spell library was empty.

Dungeon Overview and Level Annotations

Branches:
Dungeon (2/15)

Altars:


Innate Abilities, Weirdness & Mutations

((Your plain brown scales are hard. (AC +5)))
You cannot fit into any form of body armour.
((You are cold-blooded and may be slowed by cold attacks.))


Message History

You feel sick.
You are too berserk!
You hit the goblin.
You kill the goblin!
Trog accepts your kill.
* * * LOW HITPOINT WARNING * * *
You feel sick.
You hit the goblin.
You kill the goblin!
Trog accepts your kill.
You are no longer berserk.
Trog's vigour flows through your veins.
You are exhausted.
You feel yourself slow down.
* * * LOW HITPOINT WARNING * * *
You feel sick.
The goblin throws a stone.
The stone hits you.
* * * LOW HITPOINT WARNING * * *
It was a potion of lignification.
You turn into a tree.
Your roots penetrate the ground.
You die...

#.#................
#.#.###############
#............
#####.###### #...<#
#.#### #.# #.# #♣#
#)##+#... #gw......
#.g.(.... #........
#.##+#... #.# ..
#.# . ..#


You could see a worm, a hobgoblin (strong) and a goblin (strong).

Vanquished Creatures
  Robin (D:2)
  An adder (D:2)
  2 dart slugs (D:1)
  2 giant cockroaches (D:1)
  12 goblins
  4 hobgoblins
  7 jackals (D:1)
  3 kobolds
  A ball python (D:1)
  4 bats
  A frilled lizard (D:2)
  3 rats (D:1)
41 creatures vanquished.

Notes
Turn   | Place    | Note
-------+----------+-------------------------------------------
     0 | D:1      | Eifo4Ohj9gu9Dob0ohLe the Draconian Berserker began the
                  | quest for the Orb.
     0 | D:1      | Reached XP level 1. HP: 19/19 MP: 1/1
   370 | D:1      | Reached XP level 2. HP: 13/26 MP: 2/2
   870 | D:1      | Reached ** piety under Trog
   870 | D:1      | Reached XP level 3. HP: 29/31 MP: 3/3
  1290 | D:2      | Noticed Robin
  1317 | D:2      | Killed Robin
  1318 | D:2      | Reached XP level 4. HP: 16/40 MP: 4/4
  1322 | D:2      | HP: 1/40 [goblin/stone[Robin] (2)]
  1323 | D:2      | Succumbed to a goblin's poison

Illustrated notes

Levels and vault maps discovered:
D:1:      dpeg_cavernosity, layout_basic, kennysheep_boxes
D:2:      layout_basic, nicolae_overflow_hidden_temple, uniq_robin, uniq_jessica

Skill      XL: |  1  2 |
---------------+-------+-----
Dodging        | 3 |  3.4
Fighting       | |  3.7
Short Blades   | |  3.8
Stealth        | |  0.9

Action                   |  1- 3 |  4- 6 || total
-------------------------+-------+-------++-------
Melee: Short sword       |   120 |     2 ||   122
       Tailslap          |    13 |       ||    13
Invok: Berserk           |     1 |       ||     1
  Use: Potion            |       |     1 ||     1
Armor: Skin              |    44 |     1 ||    45
Dodge: Dodged            |    99 |     1 ||   100

Table legend: (Time is in decaauts)
 A = Elapsed time spent in this place.
 B = Non-inter-level travel time spent in this place.
 C = Inter-level travel time spent in this place.
 D = Time resting spent in this place.
 E = Time spent auto-exploring this place.
 F = Levels seen in this place.
 G = Mean time per level.
                   A        B        C        D        E       F      G
               +--------+--------+--------+--------+--------+-----+--------+
         Total |   1305 |   1305 |      0 |    433 |    466 |   2 |  652.5 |
       Dungeon |   1305 |   1305 |      0 |    433 |    466 |   2 |  652.5 |
               +--------+--------+--------+--------+--------+-----+--------+

Top non-repeatable levels by time:
     D:1: 917 daAuts
     D:2: 387 daAuts
